 Dungeon Crawl Stone Soup version 0.31-a0-819-gf6de2f5ab6 (webtiles) character file.

Game seed: 13652309292387266491

18879 randomguy2701 the Skirmisher (level 12, 0/99 HPs)
             Began as a Gnoll Wanderer on Sept 24, 2023.
             Was a Believer of Ashenzari.
             Slain by a bullfrog (1 damage)
             ... while petrified by a basilisk
             ... on level 3 of the Lair of Beasts.
             The game lasted 00:47:27 (14337 turns).

randomguy2701 the Skirmisher (Gnoll Wanderer)      Turns: 14337, Time: 00:47:28

Health: 0/99       AC:  9    Str: 11    XL:     12   Next: 63%
Magic:  14/25      EV:  2    Int: 11    God:    Ashenzari [**....]
Gold:   764        SH:  0    Dex: 18    Spells: 23/29 levels left

rFire   . . .        x - +0 orcbow of the All-seeing Sun {Self, Fort} (curse)
rCold   . . .        (shield currently unavailable)
rNeg    + + +        A - +1 leather armour of Irecuaco {+Blink rN++ Will-}
rPois   ∞            F - +0 helmet of Ashenzari's Pragmatism {Fort, Elem} (curse)
rElec   .            (no cloak)
rCorr   .            E - +1 pair of gloves {infuse}
SInv    +            (no boots)
Will    .....        (no amulet)
Stlth   ++++         p - ring of the Unyielding Gaze {Slay+4, Range, Self} (curse)
HPRegen 0.36/turn    y - ring of poison resistance
MPRegen 0.19/turn

%: infuse magic (1 MP)
@: petrified
A: fangs 1, strong nose, distributed training
a: Renounce Religion, Evoke Blink, Curse Item, Shatter the Chains


You were on level 3 of the Lair of Beasts.
You worshipped Ashenzari.
Ashenzari was pleased with you.
You visited 3 branches of the dungeon, and saw 14 of its levels.

You collected 764 gold pieces.

Inventory:

Hand Weapons
 a - a +3 sling
 b - a +0 short sword
 x - the cursed +0 orcbow of the All-seeing Sun (weapon) {Self, Fort}
   (You took it off a centaur on level 5 of the Dungeon)

   It has a curse which improves the following skills: Introspection: Fighting
   and Spellcasting.
   Fortitude: Armour and Shields.
 G - a +1 demon blade of electrocution
Missiles
 q - a throwing net
Armour
 d - a +0 robe
 A - the +1 leather armour of Irecuaco (worn) {+Blink rN++ Will-}
   (You found it on level 5 of the Dungeon)

   rN++:      It greatly protects you from negative energy.
   Will-:     It decreases your willpower.
   +Blink:    It lets you blink.
 E - a +1 pair of gloves of infusion (worn)
 F - the cursed +0 helmet of Ashenzari's Pragmatism (worn) {Fort, Elem}
   (You found it on level 6 of the Dungeon)

   It has a curse which improves the following skills: Fortitude: Armour and
   Shields.
   Elements:  Fire Magic, Ice Magic, Air Magic and Earth Magic.
Jewellery
 k - a +6 ring of strength
 l - a ring of resist corrosion
 p - the cursed ring of the Unyielding Gaze (left hand) {Slay+4, Range, Self}
   (You found it on level 7 of the Dungeon)

   [ring of slaying]

   Slay+4:    It affects your accuracy & damage with ranged weapons and melee
   (+4).
   It has a curse which improves the following skills: Ranged Combat: Ranged
   Weapons and Throwing.
   Introspection: Fighting and Spellcasting.
 y - a ring of poison resistance (right hand)
 N - a ring of magical power
 O - a +4 ring of protection
Wands
 s - a wand of flame (6)
 w - a wand of roots (9)
 z - a wand of digging (16)
 B - a wand of mindburst (18)
Scrolls
 f - 5 scrolls of amnesia
 g - 10 scrolls of identify
 j - a scroll of noise
 v - 3 scrolls of immolation
 D - a scroll of silence
 I - a scroll of enchant weapon
 J - a scroll of vulnerability
 K - a scroll of fog
 L - 2 scrolls of enchant armour
 M - a scroll of torment
Potions
 c - 2 potions of brilliance
 e - 2 potions of might
 h - a potion of lignification
 m - a potion of degeneration
 o - a potion of heal wounds
 r - 2 potions of mutation
 t - a potion of resistance
 C - a potion of haste
 H - 3 potions of attraction
 P - a potion of cancellation


   Skills:
 + Level 9.0(10.7) Fighting
 + Level 8.1 Short Blades
 + Level 7.6 Long Blades
 + Level 7.6 Axes
 + Level 7.6 Maces & Flails
 + Level 7.6 Polearms
 + Level 7.6 Staves
 + Level 12.8(13.8) Ranged Weapons
 + Level 7.6(8.8) Throwing
 + Level 8.1(9.9) Armour
 + Level 8.1 Dodging
 + Level 7.6 Stealth
 + Level 7.6(9.4) Shields
 + Level 7.6 Unarmed Combat
 + Level 7.6(9.4) Spellcasting
 + Level 6.3 Conjurations
 + Level 6.3 Hexes
 + Level 6.3 Summonings
 + Level 6.3 Necromancy
 + Level 6.3 Translocations
 + Level 6.3 Transmutations
 + Level 6.3(7.5) Fire Magic
 + Level 6.3(7.5) Ice Magic
 + Level 6.3(7.5) Air Magic
 + Level 6.3(7.5) Earth Magic
 + Level 6.3 Poison Magic
 + Level 8.3 Invocations
 + Level 7.6 Evocations
 + Level 6.9 Shapeshifting


You had 23 spell levels left.
You knew the following spells:

 Your Spells              Type           Power      Damage    Failure   Level
a - Call Canine Familiar  Summ           19%        N/A       3%          3
b - Summon Guardian Gole  Hex/Summ       19%        N/A       3%          3

Your spell library contained the following spells:

 Spells                   Type           Power      Damage    Failure   Level
 Necrotise                Necr           76%        1d7       1%          1
 Summon Small Mammal      Summ           76%        N/A       1%          1
 Inner Flame              Hex/Fire       20%        N/A       3%          3
 Vampiric Draining        Necr           19%        2d7       3%          3
 Flame Wave               Conj/Fire      20%        2d7       10%         4
 Leda's Liquefaction      Hex/Erth       10%        N/A       10%         4
 Sticky Flame             Conj/Fire      20%        2d4       10%         4
 Vhi's Electric Charge    Tloc/Air       40%        N/A       10%         4
 Lee's Rapid Deconstruct  Erth           10%        3d8*      22%         5
 Arcjolt                  Conj/Air       10%        1d20      26%         5
 Agony                    Necr           19%        N/A       34%         5
 Iskenderun's Battlesphe  Conj           19%        2d7       34%         5
 Bombard                  Conj/Erth      10%        9d2       83%         6
 Orb of Destruction       Conj           9%         9d6       100%        7
 Spellforged Servitor     Conj/Summ      9%         N/A       100%        7
 Maxwell's Capacitive Co  Air            10%        ∞         100%        8


Dungeon Overview and Level Annotations

Branches:
Dungeon (10/15)            Temple (1/1) D:4            Lair (2/5) D:9
  Swamp: Lair:2-3    Shoals: Lair:2-3     Snake: Lair:2-3    Spider: Lair:2-3
    Orc: D:9-12

Altars:
Ashenzari
Cheibriados
Dithmenos
Elyvilon
Fedhas
Gozag
Hepliaklqana
Kikubaaqudgha
Makhleb
Nemelex Xobeh
Okawaru
Qazlal
Ru
Sif Muna
Trog
Uskayaw
Vehumet
Wu Jian
Xom
Yredelemnul
Zin
The Shining One

Shops:
D:9 *

Portals:
Abyss: D:3

Annotations:
D:3 2 transporters, omnomnOMINOUS's ghost, amateur OpWn
D:6 2 transporters


Innate Abilities, Weirdness & Mutations

You have very sharp teeth.
Your uncanny sense of smell can sniff out nearby items.
Your experience applies equally to all skills.


Message History

Your hound closely misses the basilisk.
The basilisk gazes at you.
You struggle to resist.
The bullfrog hits you.
* * * LOW HITPOINT WARNING * * *
Your hound closely misses the basilisk.
The bullfrog hits you but does no damage.
Your hound closely misses the basilisk.
The basilisk bites you!
* * * LOW HITPOINT WARNING * * *
Your hound misses the basilisk.
The bullfrog hits you but does no damage.
The basilisk gazes at you.
Your hound misses the basilisk. The bullfrog hits you.
* * * LOW HITPOINT WARNING * * *
Your hound bites the basilisk.
The bullfrog hits you but does no damage.
The basilisk gazes at you. The yak gores your hound! The yak gores you!
* * * LOW HITPOINT WARNING * * *
The bullfrog hits you but does no damage.
Your hound bites the basilisk.
The basilisk dies!
The yak gores you!
* * * LOW HITPOINT WARNING * * *
The yak closely misses your hound. The yak gores you but does no damage.
The bullfrog hits you.
* * * LOW HITPOINT WARNING * * *
Your hound bites the yak.
The blink frog blinks!
Your hound barely misses the yak.
The bullfrog completely misses you.
The blink frog blinks!
The yak gores you.
* * * LOW HITPOINT WARNING * * *
The yak gores your hound!
Your hound dies!
Your hound's corpse disappears in a puff of smoke!
The yak gores you but does no damage. The bullfrog hits you. The yak gores you!
* * * LOW HITPOINT WARNING * * *
The yak gores you!
* * * LOW HITPOINT WARNING * * *
The bullfrog hits you.
You die...

..............h
....................
....................
....................
....................
...............?....
...........†........
......Y..†..........
......Y@F...........
......†Y............
....Y..............)
§...F...............
....................
....................
..F.................
F..............


You could see 4 yaks, 3 blink frogs and a bullfrog.

Vanquished Creatures
  3 two-headed ogres
  A boulder beetle (D:9)
  2 death yaks
  A wizard (D:10)
  Jeremiah (Lair:1)
  5 cane toads
  3 komodo dragons (Lair:1)
  A rime drake (Lair:1)
  A meliai (D:9)
  Prince Ribbit (D:6)
  5 large abominations (D:10)
  3 wraiths
  Sigmund (D:5)
  A wyvern (D:10)
  20 yaks
  Grum (D:8)
  A steam dragon (D:8)
  9 water moccasins
  2 sky beasts (D:7)
  An orc warrior (D:7)
  4 ice beasts
  4 black bears
  8 wolves
  2 centaurs
  4 kobold brigands
  A scorpion (D:5)
  8 bullfrogs
  7 small abominations (D:10)
  4 wights (D:9)
  A howler monkey (D:10)
  7 orc priests
  3 jellies
  4 hounds
  Natasha (thrice) (D:3)
  4 orc wizards
  A hell rat (D:9)
  A gnoll (D:1)
  A river rat (D:9)
  10 adders
  A white imp (D:5)
  An ufetubus (D:5)
  3 worms
  2 dart slugs
  28 orcs
  7 ball pythons
  4 bats
  6 endoplasms
  3 giant cockroaches
  8 goblins
  4 hobgoblins
  2 jackals (D:2)
  2 quokkas
  A frilled lizard (D:3)
  14 kobolds
  3 rats
229 creatures vanquished.

Vanquished Creatures (collateral kills)
  A hornet (D:9)
  A basilisk (Lair:3)
2 creatures vanquished.

Vanquished Creatures (others)
  A death yak (D:8)
  A cane toad (Lair:1)
  2 yaks (Lair:1)
  An orc warrior (D:9)
  A human (D:7)
  A bullfrog (Lair:1)
7 creatures vanquished.

Grand Total: 238 creatures vanquished

Notes
Turn   | Place    | Note
-------+----------+-------------------------------------------
     0 | D:1      | Reached skill level 10 in Ranged Weapons
     0 | D:1      | randomguy2701 the Gnoll Wanderer began the quest for the
                  | Orb.
     0 | D:1      | randomguy2701 set off with the following items: a +3 sling,
                  | a +0 short sword, a potion of brilliance, a +0 robe.
     0 | D:1      | Reached XP level 1. HP: 20/20 MP: 1/1
   150 | D:1      | Reached XP level 2. HP: 7/26 MP: 2/2
   467 | D:1      | Reached XP level 3. HP: 31/31 MP: 3/3
   737 | D:2      | Reached skill level 1 in Invocations
   749 | D:2      | Reached skill level 1 in Long Blades
   749 | D:2      | Reached skill level 1 in Axes
   749 | D:2      | Reached skill level 1 in Maces & Flails
   749 | D:2      | Reached skill level 1 in Polearms
   749 | D:2      | Reached skill level 1 in Staves
   749 | D:2      | Reached skill level 1 in Throwing
   749 | D:2      | Reached skill level 1 in Stealth
   749 | D:2      | Reached skill level 1 in Shields
   749 | D:2      | Reached skill level 1 in Unarmed Combat
   749 | D:2      | Reached skill level 1 in Spellcasting
   749 | D:2      | Reached skill level 1 in Evocations
   828 | D:2      | Reached XP level 4. HP: 38/38 MP: 5/5
   892 | D:2      | Reached skill level 1 in Shapeshifting
  1101 | D:2      | Reached skill level 1 in Conjurations
  1101 | D:2      | Reached skill level 1 in Hexes
  1101 | D:2      | Reached skill level 1 in Summonings
  1101 | D:2      | Reached skill level 1 in Necromancy
  1101 | D:2      | Reached skill level 1 in Translocations
  1101 | D:2      | Reached skill level 1 in Transmutations
  1101 | D:2      | Reached skill level 1 in Fire Magic
  1101 | D:2      | Reached skill level 1 in Ice Magic
  1101 | D:2      | Reached skill level 1 in Air Magic
  1101 | D:2      | Reached skill level 1 in Earth Magic
  1101 | D:2      | Reached skill level 1 in Poison Magic
  1357 | D:3      | Found a transporter.
  1368 | D:3      | Found a transporter.
  1502 | D:3      | Reached XP level 5. HP: 43/43 MP: 5/7
  1563 | D:3      | Noticed a small abomination
  1563 | D:3      | Noticed a small abomination
  1569 | D:3      | Found a one-way gate to the infinite horrors of the Abyss.
  1569 | D:3      | Noticed omnomnOMINOUS's ghost (amateur OpWn)
  1731 | D:3      | Noticed a small abomination
  1760 | D:3      | Noticed Natasha
  1772 | D:3      | Killed Natasha
  2148 | D:3      | Noticed Natasha
  2155 | D:3      | Killed Natasha
  2306 | D:3      | Noticed Natasha
  2311 | D:3      | Killed Natasha
  2338 | D:3      | Reached XP level 6. HP: 43/50 MP: 8/8
  2384 | D:3      | Reached skill level 5 in Fighting
  2458 | D:4      | Found a shadowy altar of Dithmenos.
  2665 | D:4      | Found a shimmering altar of Xom.
  2915 | D:4      | Found a sacrificial altar of Ru.
  3115 | D:4      | Found a staircase to the Ecumenical Temple.
  3165 | Temple   | Entered the Ecumenical Temple
  3226 | D:5      | Entered Level 5 of the Dungeon
  3332 | D:5      | Noticed a +0 falchion
  3333 | D:5      | Noticed a +0 falchion
  3334 | D:5      | Noticed a +0 short sword
  3356 | D:5      | Reached XP level 7. HP: 42/56 MP: 10/10
  3457 | D:5      | Found a sparkling altar of Nemelex Xobeh.
  3469 | D:5      | Noticed a +0 spear
  3470 | D:5      | Noticed a +0 dagger
  3470 | D:5      | Noticed a +0 spear
  3471 | D:5      | Noticed a +0 dagger
  3472 | D:5      | Noticed a +0 short sword
  3506 | D:5      | Found a hide-covered altar of Uskayaw.
  3735 | D:5      | Identified the +1 leather armour of Irecuaco {+Blink rN++
                  | Will-}
  3783 | D:5      | Noticed Sigmund
  4064 | D:5      | Killed Sigmund
  4065 | D:5      | Reached XP level 8. HP: 59/63 MP: 12/12
  4551 | D:6      | Noticed Prince Ribbit
  4558 | D:6      | Killed Prince Ribbit
  4559 | D:6      | Reached skill level 11 in Ranged Weapons
  4680 | D:6      | Found a transporter.
  4709 | D:6      | Found a glowing silver altar of Zin.
  4794 | D:6      | Found a glowing golden altar of the Shining One.
  4987 | D:6      | Found a transporter.
  5163 | D:6      | Found a radiant altar of Vehumet.
  5544 | D:7      | Found an ancient bone altar of Kikubaaqudgha.
  5584 | D:7      | Reached XP level 9. HP: 41/69 MP: 14/14
  6046 | D:7      | Reached skill level 5 in Short Blades
  6046 | D:7      | Reached skill level 5 in Armour
  6046 | D:7      | Reached skill level 5 in Dodging
  6122 | D:7      | Found a stormy altar of Qazlal.
  6679 | D:8      | Reached skill level 5 in Invocations
  6694 | D:8      | Noticed Grum
  6956 | D:8      | Killed Grum
  7451 | D:9      | Noticed a death yak
  7454 | D:9      | Noticed a death yak
  7454 | D:9      | Noticed a death yak
  7520 | D:8      | Reached XP level 10. HP: 39/77 MP: 17/17
  7528 | D:8      | Reached skill level 5 in Long Blades
  7528 | D:8      | Reached skill level 5 in Axes
  7528 | D:8      | Reached skill level 5 in Maces & Flails
  7528 | D:8      | Reached skill level 5 in Polearms
  7528 | D:8      | Reached skill level 5 in Staves
  7528 | D:8      | Reached skill level 5 in Throwing
  7528 | D:8      | Reached skill level 5 in Stealth
  7528 | D:8      | Reached skill level 5 in Shields
  7528 | D:8      | Reached skill level 5 in Unarmed Combat
  7528 | D:8      | Reached skill level 5 in Spellcasting
  7528 | D:8      | Reached skill level 5 in Evocations
  7787 | Temple   | Became a worshipper of Ashenzari the Shackled
  7904 | D:9      | Found a staircase to the Lair.
  7940 | D:9      | Found a burning altar of Makhleb.
  7970 | D:9      | Found a snail-covered altar of Cheibriados.
  8054 | D:9      | Noticed a two-headed ogre
  8145 | D:9      | Found Loapto's General Store.
  8369 | D:9      | Found an ornate altar of the Wu Jian Council.
  8375 | D:9      | Found an iron altar of Okawaru.
  8622 | D:9      | Killed a two-headed ogre
  8623 | D:9      | Reached skill level 5 in Shapeshifting
  8963 | Lair:1   | Entered Level 1 of the Lair of Beasts
  8963 | Lair:1   | Noticed a cane toad
  9560 | D:10     | Entered Level 10 of the Dungeon
  9576 | D:10     | Noticed a wizard
  9609 | D:10     | Noticed a two-headed ogre
  9894 | D:10     | Reached * piety under Ashenzari
  9949 | D:10     | Reached XP level 11. HP: 42/87 MP: 19/21
  9953 | D:10     | Reached skill level 12 in Ranged Weapons
 10124 | D:10     | Reached skill level 5 in Conjurations
 10124 | D:10     | Reached skill level 5 in Hexes
 10124 | D:10     | Reached skill level 5 in Summonings
 10124 | D:10     | Reached skill level 5 in Necromancy
 10124 | D:10     | Reached skill level 5 in Translocations
 10124 | D:10     | Reached skill level 5 in Transmutations
 10124 | D:10     | Reached skill level 5 in Fire Magic
 10124 | D:10     | Reached skill level 5 in Ice Magic
 10124 | D:10     | Reached skill level 5 in Air Magic
 10124 | D:10     | Reached skill level 5 in Earth Magic
 10124 | D:10     | Reached skill level 5 in Poison Magic
 10393 | D:10     | Killed a two-headed ogre
 10456 | D:10     | Noticed a large abomination
 10465 | D:10     | Killed a large abomination
 10730 | D:10     | Reached ** piety under Ashenzari
 10770 | D:10     | Found an opulent altar of Gozag.
 10775 | D:10     | Found a shimmering blue altar of Sif Muna.
 10999 | D:10     | Killed a wizard
 11090 | D:10     | Learned a level 3 spell: Call Canine Familiar
 11162 | D:9      | Noticed a two-headed ogre
 11481 | D:8      | Learned a level 3 spell: Summon Guardian Golem
 11600 | D:8      | Killed a death yak
 11746 | D:9      | Noticed a boulder beetle
 11791 | D:9      | Killed a boulder beetle
 11915 | D:8      | Killed a death yak
 12053 | D:9      | Killed a death yak
 12649 | D:9      | Killed a two-headed ogre
 12650 | D:9      | Reached XP level 12. HP: 97/97 MP: 24/24
 12815 | Lair:1   | Noticed Jeremiah
 13422 | Lair:1   | Killed Jeremiah
 14191 | Lair:2   | Identified the +0 great mace of Lorphoeh {freeze, Fly rC+
                  | Will+ Dex-4}
 14297 | Lair:2   | You fall into a shaft and drop 1 floor!
 14337 | Lair:3   | HP: 1/99 [yak (5)]
 14337 | Lair:3   | Slain by a bullfrog

Illustrated notes

Levels and vault maps discovered:
D:1:      dpeg_arrival_ternary, layout_basic, palyth_stone_intersect
D:2:      layout_loops_ring, minmay_liquid_box, kennysheep_generic_room_10
D:3:      layout_basic, gammafunk_ghost_abyssal_escape, uniq_natasha
D:4:      layout_layer_cave, mainiacjoe_overflow_paths,
          nicolae_dithmenos_the_darkroom, mainiacjoe_overflow_tiny_flanked,
          temple_hall
D:5:      layout_gridville, nicolae_uskayaw_en_pointe,
          mainiacjoe_overflow_brackets, serial_bayou, serial_bayou_shore_b,
          serial_bayou_pond_d, serial_bayou_ford_a, serial_bayou_lagoon_a,
          uniq_sigmund
D:6:      gammafunk_cloud_chamber, layout_loops_ring, zin_scriptorium,
          tso_oasis_becter, mainiacjoe_overflow_cross_hatched,
          uniq_prince_ribbit1
D:7:      layout_loops_ring, tgw_kikubaaqudgha, overflow_temple_1_default,
          serial_rivers, chequers_serial_rivers_small_3,
          chequers_serial_rivers_micro_c, chequers_serial_rivers_micro_b,
          chequers_serial_rivers_small_3, chequers_arboretum,
          grunt_decor_resistance, small_statue_intersection
D:8:      layout_basic, uniq_grum
D:9:      minmay_opposing_rooms, layout_irregular_city, amcnicky_altar_gilded,
          kennysheep_mini, old_standard_altar, mainiacjoe_overflow_catwalk,
          dpeg_lair_monsters, serial_shops, shop
D:10:     layout_small_grid, minitemple, laboratory
Temple:   hellmonk_temple_flake
Lair:1:   layout_small_grid, eino_small_chamber_without_monster,
          grunt_megastairs_4, uniq_jeremiah
Lair:2:   layout_hall_layers, minmay_snake_entry_six_corridors
Lair:3:   layout_cave_shapes, shoals_dummy_entry, kennysheep_rathole

Skill      XL: |  1  2  3  4  5  6  7  8  9 10 11 12 |
---------------+-------------------------------------+-----
Ranged Weapons | 11 12 | 12.8
Invocations    | 1 2 3 4 5 6 7 8 |  8.3
Long Blades    | 1 2 3 4 5 7 |  7.6
Axes           | 1 2 3 4 5 7 |  7.6
Maces & Flails | 1 2 3 4 5 7 |  7.6
Polearms       | 1 2 3 4 5 7 |  7.6
Staves         | 1 2 3 4 5 7 |  7.6
Throwing       | 1 2 3 4 5 7 |  7.6
Stealth        | 1 2 3 4 5 7 |  7.6
Shields        | 1 2 3 4 5 7 |  7.6
Unarmed Combat | 1 2 3 4 5 7 |  7.6
Spellcasting   | 1 2 3 4 5 7 |  7.6
Evocations     | 1 2 3 4 5 7 |  7.6
Shapeshifting  | 1 2 3 4 5 6 |  6.9
Conjurations   | 1 2 3 4 5 6 |  6.3
Hexes          | 1 2 3 4 5 6 |  6.3
Summonings     | 1 2 3 4 5 6 |  6.3
Necromancy     | 1 2 3 4 5 6 |  6.3
Translocations | 1 2 3 4 5 6 |  6.3
Transmutations | 1 2 3 4 5 6 |  6.3
Fire Magic     | 1 2 3 4 5 6 |  6.3
Ice Magic      | 1 2 3 4 5 6 |  6.3
Air Magic      | 1 2 3 4 5 6 |  6.3
Earth Magic    | 1 2 3 4 5 6 |  6.3
Poison Magic   | 1 2 3 4 5 6 |  6.3
Short Blades   | 3 4 5 6 7 8 |  8.1
Armour         | 3 4 5 6 7 8 |  8.1
Dodging        | 3 4 5 6 7 8 |  8.1
Fighting       | 5 6 7 8 9 |  9.0

Action                     |  1- 3 |  4- 6 |  7- 9 | 10-12 || total
---------------------------+-------+-------+-------+-------++-------
   Fire: Sling             |    63 |   159 |       |       ||   222
         Orcbow            |       |       |   277 |   591 ||   868
   Cast: Call Canine Famil |       |       |       |    36 ||    36
         Summon Guardian G |       |       |       |    18 ||    18
 Invoke: Curse Item        |       |       |       |     3 ||     3
  Evoke: Wand              |       |       |       |     6 ||     6
    Use: Scroll            |       |       |     1 |    16 ||    17
         Potion            |       |       |       |     6 ||     6
 Armour: Robe              |     3 |       |       |       ||     3
         Leather armour    |       |    30 |    95 |   170 ||   295
  Dodge: Dodged            |     5 |    67 |    64 |   176 ||   312

Table legend: (Time is in decaauts)
 A = Elapsed time spent in this place.
 B = Non-inter-level travel time spent in this place.
 C = Inter-level travel time spent in this place.
 D = Time resting spent in this place.
 E = Time spent auto-exploring this place.
 F = Levels seen in this place.
 G = Mean time per level.
                   A        B        C        D        E       F      G
               +--------+--------+--------+--------+--------+-----+--------+
         Total |  14276 |  12971 |   1305 |    757 |   9155 |  14 | 1019.7 |
       Dungeon |  12708 |  11457 |   1251 |    757 |   7958 |  10 | 1270.8 |
        Temple |     23 |      1 |     22 |      0 |      0 |   1 |   23.0 |
          Lair |   1544 |   1512 |     32 |      0 |   1197 |   3 |  514.7 |
               +--------+--------+--------+--------+--------+-----+--------+

Top non-repeatable levels by time:
     D:9: 2846 daAuts
     D:8: 1886 daAuts
    D:10: 1314 daAuts
  Lair:1: 1312 daAuts
     D:5: 1197 daAuts
     D:3: 1144 daAuts
     D:7: 1121 daAuts
     D:6: 998 daAuts
     D:4: 915 daAuts
     D:1: 713 daAuts
     D:2: 570 daAuts
  Lair:2: 193 daAuts
  Lair:3: 38 daAuts
  Temple: 23 daAuts
